Map: Central Protocol

Players

Shura (Scarlett)

  • Race: Zerg Zerg
  • League: Grandmaster

Harstem - Winner!

  • Race: Protoss Protoss

Event: NationWars III

VOD

Have the link to the VOD?

Description

Time

  • Played on: Dec. 10, 2015, 4:19 p.m.
  • Length: 6:11

All games in this series

Show
View Real Time Build Order
Export as new Build Order

Shura Zerg 

Build Orders: Hatch First 

Get SALT Encoding   

  12  0:02  Drone  
  13  0:12  Overlord  
  13  0:17  Drone  
  14  0:31  Drone x2  
  14  0:35  Drone  
  17  0:47  Drone  
  18  0:55  Hatchery  
  17  0:58  Drone  
  18  1:11  Spawning Pool  
  17  1:15  Drone  
  17  1:17  Extractor  
  17  1:19  Drone  
  18  1:28  Drone  
  19  1:39  Overlord  
  19  1:52  Drone  
  20  1:59  Queen  
  20  2:00  Zergling x2  
  23  2:08  Drone, Queen  
  24  2:14  Drone  
  27  2:19  Metabolic Boost  
  27  2:25  Drone  
  27  2:26  Drone  
  29  2:34  Drone x2, Queen  
  33  2:39  Overlord  
  33  2:47  Zergling x2  
  33  2:50  Zergling x2  
  35  2:56  Zergling x2  
  36  3:01  Zergling x2  
  37  3:09  Drone x4  
  41  3:13  Overlord  
  41  3:19  Drone  
  42  3:20  Drone x2  
  44  3:31  Roach Warren  
  44  3:32  Extractor  
  44  3:33  Drone x2  
  44  3:35  Overlord  
  44  3:36  Extractor  
  43  3:42  Overlord  
  43  3:54  Overlord  
  43  3:55  Overlord  
  43  3:58  Zergling x2  
  43  3:59  Zergling x2  
  45  4:10  Roach x3  
  45  4:11  Roach  
  45  4:12  Roach  
  55  4:19  Roach x4  
  63  4:30  Roach x4  
  71  4:45  Zergling x6  
  72  4:46  Hatchery  
  72  4:47  Ravager x3  
  72  4:50  Ravager  
  72  4:52  Overlord  
  72  5:02  Zergling x4  
  73  5:12  Zergling x6  
  72  5:20  Zergling x6  
  69  5:28  Zergling x2  
  69  5:29  Zergling x4  
  57  5:48  Zergling x12  
Show
View Real Time Build Order
Export as new Build Order

Harstem Protoss - Winner!

Build Orders: 1 Gate Expand, Oracle Opening 

Get SALT Encoding   

  12  0:02  Probe (Chrono Boost)  
  13  0:13  Probe (Chrono Boost)  
  14  0:18  Pylon  
  14  0:23  Probe (Chrono Boost)  
  15  0:36  Probe (Chrono Boost)  
  15  0:39  Gateway  
  16  0:47  Probe (Chrono Boost)  
  17  0:57  Probe (Chrono Boost)  
  18  1:08  Probe (Chrono Boost)  
  19  1:18  Nexus  
  19  1:25  Assimilator  
  19  1:35  Gateway  
  19  1:46  Cybernetics Core  
  20  1:47  Probe (Chrono Boost)  
  20  1:57  Pylon  
  20  1:58  Probe (Chrono Boost)  
  21  2:07  Assimilator  
  21  2:09  Probe (Chrono Boost)  
  22  2:20  Probe (Chrono Boost)  
  23  2:25  Adept  
  23  2:26  Adept  
  27  2:31  Probe x2 (Chrono Boost)  
  27  2:36  Warp Gate  
  29  2:41  Probe x2 (Chrono Boost)  
  31  2:47  Pylon  
  31  2:52  Probe x2 (Chrono Boost)  
  33  3:00  Stargate  
  33  3:04  Probe (Chrono Boost)  
  34  3:08  Probe (Chrono Boost)  
  34  3:10  Adept  
  37  3:16  Probe (Chrono Boost)  
  37  3:19  Probe (Chrono Boost)  
  39  3:26  Probe (Chrono Boost)  
  40  3:30  Mothership Core (Chrono Boost)  
  40  3:32  Pylon  
  40  3:33  Gateway  
  42  3:37  Probe (Chrono Boost)  
  43  3:47  Probe x2 (Chrono Boost)  
  45  3:50  Pylon  
  45  3:51  Oracle (Chrono Boost)  
  48  3:57  Probe  
  48  3:58  Probe  
  50  4:03  Assimilator  
  50  4:07  Assimilator  
  50  4:08  Probe  
  51  4:14  Probe, Forge  
  54  4:19  Probe (Chrono Boost)  
  54  4:23  Pylon  
  55  4:26  Probe (Chrono Boost)  
  55  4:31  Probe (Chrono Boost)  
  57  4:37  Probe (Chrono Boost)  
  56  4:41  Probe (Chrono Boost)  
  60  4:48  Probe (Chrono Boost)  
  60  4:50  Probe (Chrono Boost)  
  59  4:52  Void Ray (Chrono Boost)  
  59  4:58  Sentry, Adept x2  
  59  4:59  Probe  
  70  5:01  Probe, Photon Cannon  
  70  5:02  Pylon  
  71  5:11  Probe x2  
  73  5:14  Pylon  
  73  5:19  Adept, Pylon x2  
  75  5:22  Adept  
  75  5:23  Probe  
  76  5:40  Probe, Adept x2  
  76  5:41  Probe  
  85  5:52  Probe x2, Pylon  
  85  5:53  Pylon  
  85  5:54  Sentry  
  81  6:04  Sentry, Adept  
Tags
 
Add a new tag
Caveats
  • Supply blocks, unpowered buildings, or Contaminate may cause inaccurate times.
  • Supply counts are checked every 10 seconds.